 Dungeon Crawl Stone Soup version 0.31-a0-263-ge8cad7f256 (webtiles) character file.

Game seed: 964032260478987312

81 qw the Shooter (level 4, -4/36 HPs)
             Began as a Minotaur Hexslinger on July 13, 2023.
             Slain by a gnoll
             ... wielding a +0 spear
              (5 damage)
             ... on level 2 of the Dungeon.
             The game lasted 00:00:37 (1523 turns).

qw the Shooter (Minotaur Hexslinger)                Turns: 1523, Time: 00:00:38

Health: -4/36      AC:  5    Str: 13    XL:     4   Next: 19%
Magic:  4/4        EV: 11    Int: 10    God:
Gold:   72         SH:  0    Dex: 14    Spells: 4/5 levels left

rFire   . . .        Y - +1 sling (drain)
rCold   . . .        (no shield)
rNeg    . . .        f - +0 ring mail
rPois   .            (helmet restricted)
rElec   .            (no cloak)
rCorr   .            (no gloves)
SInv    .            (no boots)
Will    .....        (no amulet)
Stlth   +            (no ring)
HPRegen 0.26/turn    (no ring)
MPRegen 0.09/turn

%: no passive effects
@: no status effects
A: horns 2, retaliatory headbutt
a: no special abilities


You were on level 2 of the Dungeon.
You visited 1 branch of the dungeon, and saw 2 of its levels.

You collected 72 gold pieces.


Innate Abilities, Weirdness & Mutations

You have a pair of horns on your head.
You reflexively headbutt those who attack you in melee.


   Skills:
 - Level 2.0 Fighting
 + Level 4.5 Ranged Weapons
 - Level 1.0 Armour
 - Level 2.1 Dodging
 - Level 1.0 Spellcasting
 - Level 2.0 Hexes


You had 4 spell levels left.
You knew the following spells:

 Your Spells              Type           Power      Damage    Failure   Level
a - Slow                  Hex            16%        N/A       32%         1

Your spell library contained the following spells:

 Spells                   Type           Power      Damage    Failure   Level
 Inner Flame              Hex/Fire       2%         N/A       82%         3
 Portal Projectile        Hex/Tloc       4%         N/A       82%         3
 Cause Fear               Hex            2%         N/A       97%         4

Inventory:

Hand Weapons
 Y - a +1 sling of draining (weapon)
Armour
 f - a +0 ring mail (worn)
 i - a +0 pair of gloves
Jewellery
 d - a +4 ring of protection
 k - a +6 ring of intelligence
Scrolls
 a - a scroll of acquirement {unknown}
 c - 2 scrolls of blinking {unknown}
 h - 2 scrolls of identify
Potions
 b - a potion of might {unknown}
 e - a potion of enlightenment {unknown}
 g - a potion of curing
 j - 2 potions of cancellation {unknown}
 l - a potion of brilliance {unknown}

Dungeon Overview and Level Annotations

Branches:
Dungeon (2/15)

Altars:


Message History

You shoot a sling bullet.
The sling bullet barely misses the gnoll.
The gnoll hits you with a +3 whip.
The gnoll hits you from afar with a +0 spear.
You shoot a sling bullet.
The sling bullet hits the gnoll but does no damage.
The gnoll is heavily wounded.
The gnoll hits you with a +3 whip. The gnoll barely misses you.
You shoot a sling bullet.
The sling bullet hits the gnoll but does no damage.
The gnoll is heavily wounded.
The gnoll barely misses you.
The gnoll hits you from afar with a +0 spear.
The gnoll barely misses you. The gnoll hits you but does no damage.
You shoot a sling bullet.
The sling bullet closely misses the gnoll.
The gnoll closely misses you.
The gnoll hits you from afar with a +0 spear.
You shoot a sling bullet.
The sling bullet closely misses the gnoll.
The gnoll hits you with a +3 whip.
The gnoll hits you from afar with a +0 spear.
The gnoll barely misses you. The gnoll closely misses you.
You shoot a sling bullet.
The sling bullet barely misses the gnoll.
The gnoll barely misses you. You furiously retaliate!
You headbutt the gnoll!
You kill the gnoll!
The gnoll completely misses you.
You shoot a sling bullet.
The sling bullet barely misses the gnoll.
The gnoll hits you from afar with a +0 spear.
You shoot a sling bullet.
The sling bullet hits the gnoll but does no damage.
You drain the gnoll.
The gnoll is moderately wounded.
The gnoll hits you but does no damage.
You shoot a sling bullet.
The sling bullet barely misses the gnoll.
The gnoll hits you from afar with a +0 spear.
You die...

#.#.#.# #..# #.# #
#.#.#.# #..# #.# #
#.#.#.# #..# #.# #
#.#.#.# #(.# #)# #
## #.#.#.####..#
#.# #
.######...)..>....#
#.# #
............#####.#
#.########
.########.###
###.######<##......
.# #.#
#.@...........#####
.# #.#
#)############# .#
#.# #g# .# #.# #.#
## ##.## #.#
#####...####.#
####............#
.....###...###.)#
###.......####..#


You could see a gnoll (very drained).

Vanquished Creatures
  2 gnolls (D:2)
  A worm (D:2)
  3 dart slugs
  7 endoplasms
  2 giant cockroaches
  6 hobgoblins
  3 quokkas
  2 ball pythons (D:2)
  7 bats
  3 frilled lizards
  3 goblins (D:1)
  8 kobolds
  2 rats
49 creatures vanquished.

Notes
Turn   | Place    | Note
-------+----------+-------------------------------------------
     0 | D:1      | qw the Minotaur Hexslinger began the quest for the Orb.
     0 | D:1      | Reached XP level 1. HP: 16/16 MP: 1/1
     0 | D:1      | 0 ||| qw: Version: 0.3-a-52-g30416fa
     0 | D:1      | 0 ||| qw: Game counter: 7129
     0 | D:1      | 0 ||| qw: Melee chars always use a shield: true
     0 | D:1      | 0 ||| qw: God list: Okawaru
     0 | D:1      | 0 ||| qw: Allow faded altars: false
     0 | D:1      | 0 ||| qw: Do Orc after clearing Dungeon:15 true
     0 | D:1      | 0 ||| qw: Do second Lair branch before Depths: true
     0 | D:1      | 0 ||| qw: Lair rune preference: random
     0 | D:1      | 0 ||| qw: Goals: Normal
     0 | D:1      | 0 ||| PLANNING D:1-11
    72 | D:1      | 72 ||| FLEEEEING.
    75 | D:1      | 75 ||| FLEEEEING.
    76 | D:1      | 76 ||| FLEEEEING.
    77 | D:1      | 77 ||| FLEEEEING.
    78 | D:1      | 78 ||| FLEEEEING.
    79 | D:1      | 79 ||| FLEEEEING.
   139 | D:1      | Reached skill level 3 in Ranged Weapons
   139 | D:1      | Reached XP level 2. HP: 23/23 MP: 2/2
   444 | D:1      | 444 ||| Stepping ~*~*~tactically~*~*~ (water).
   447 | D:1      | 447 ||| Stepping ~*~*~tactically~*~*~ (water).
   647 | D:1      | Reached XP level 3. HP: 29/29 MP: 3/3
   843 | D:1      | 843 ||| UPGRADING to +0 ring mail.
   853 | D:1      | 853 ||| DROPPING +0 robe.
   854 | D:1      | 854 ||| READING scroll labelled APHAYK BILAKO.
   855 | D:1      | 855 ||| READING scroll labelled KUOKIE OQUPSEGAMMO.
   856 | D:1      | 856 ||| READING 2 scrolls labelled DANACUCVEUSA.
   857 | D:1      | 857 ||| DRINKING 2 glowing brown potions.
   858 | D:1      | 858 ||| DROPPING scroll of poison.
  1114 | D:2      | 1114 ||| Stepping ~*~*~tactically~*~*~ (outnumbered).
  1137 | D:2      | Reached skill level 4 in Ranged Weapons
  1223 | D:2      | Reached skill level 1 in Armour
  1510 | D:2      | 1510 ||| Stepping ~*~*~tactically~*~*~ (outnumbered).
  1512 | D:2      | Reached XP level 4. HP: 36/36 MP: 4/4
  1519 | D:2      | HP: 9/36 [gnoll/+3 whip (6)]
  1521 | D:2      | HP: 1/36 [gnoll/+0 spear (6)]
  1523 | D:2      | Slain by a gnoll

Levels and vault maps discovered:
D:1:      dpeg_arrival_water_temple_mockup, layout_loops_ring,
          chequers_serial_rivers_marsh
D:2:      layout_loops_ring

Skill      XL: |  1  2  3 |
---------------+----------+-----
Ranged Weapons | 3 4 |  4.5
Fighting       | 2 |  2.0
Armour         | 1 |  1.0
Dodging        | |  2.1
Spellcasting   | |  1.0
Hexes          | |  2.0

Action                     |  1- 3 |  4- 6 || total
---------------------------+-------+-------++-------
   Fire: Sling             |   122 |    11 ||   133
    Use: Scroll            |     3 |       ||     3
         Potion            |     1 |       ||     1
 Armour: Robe              |     2 |       ||     2
         Ring mail         |    16 |     3 ||    19
  Dodge: Dodged            |    21 |     9 ||    30

Table legend:
 A = Non-vault XP
 B = Vault XP
 C = Vault XP percentage of total XP
 D = Non-vault monster count
 E = Vault monster count
 F = Vault count percentage of total count
                 A         B        C        D         E       F
            +---------+---------+-------+---------+---------+-------
      Total |     116 |       0 |   0.0 |      49 |       0 |   0.0
            +---------+---------+-------+---------+---------+-------
        D:1 |      43 |       0 |   0.0 |      24 |       0 |   0.0
        D:2 |      73 |       0 |   0.0 |      25 |       0 |   0.0
            +---------+---------+-------+---------+---------+-------
